 Dungeon Crawl Stone Soup version 0.20-a0-1116-gaa52201 (webtiles) character file.

185 Infinimo the Ruffian (level 5, -1/45 HPs)
             Began as a Ghoul Monk on May 8, 2017.
             Slain by a gnoll
             ... wielding a +0 spear
              (5 damage)
             ... on level 3 of the Dungeon.
             The game lasted 00:04:29 (2318 turns).

Infinimo the Ruffian (Ghoul Monk)                   Turns: 2318, Time: 00:04:29

Health: -1/45      AC:  2    Str: 15    XL:     5   Next: 64%
Magic:  4/4        EV: 12    Int:  6    God:
Gold:   110        SH:  0    Dex: 11    Spells: 4/4 levels left

rFire    . . .     SeeInvis .     - Unarmed
rCold    + . .     Gourm    .   (no shield)
rNeg     + + +     Faith    .   a - +0 robe
rPois    ∞         Spirit   .   (no helmet)
rElec    .         Reflect  .   (no cloak)
rCorr    .         Harm     .   (no gloves)
MR       .....                  (no boots)
Stlth    ++........             (no amulet)
Regen    0.0/turn               (no ring)
MPRegen  0.1/turn               (no ring)

@: rotting
A: rotting body, claws 1, carnivore 3, cold resistance 1, negative energy
resistance 3, inhibited regeneration, torment resistance, unbreathing
a: no special abilities


You were on level 3 of the Dungeon.
You were not hungry.

You visited 1 branch of the dungeon, and saw 3 of its levels.

You collected 110 gold pieces.

Inventory:

Armour
 a - a +0 robe (worn)
Scrolls
 c - a scroll of magic mapping {unknown}
 e - 7 scrolls of remove curse {unknown}
 f - 3 scrolls of identify {unknown}
 i - a scroll of enchant armour {unknown}
 k - a scroll of teleportation {unknown}
Potions
 d - a potion of magic
Comestibles
 b - a meat ration
 h - a royal jelly
 j - a chunk of flesh


   Skills:
 - Level 3.2 Fighting
 - Level 2.6 Dodging
 - Level 2.1 Stealth
 + Level 6.7 Unarmed Combat


You had 4 spell levels left.
You didn't know any spells.

Dungeon Overview and Level Annotations

Branches:
Dungeon (3/15)

Altars:
Kikubaaqudgha


Innate Abilities, Weirdness & Mutations

Your body is rotting away.
You thrive on raw meat.
You are immune to poison.
You have sharp fingernails.
You are carnivorous and can eat meat at any time.
Your flesh is cold resistant. (rC+)
You are immune to negative energy. (rN+++)
You do not regenerate when monsters are visible.
You are immune to unholy pain and torment.
You can survive without breathing.


Message History

You scratch the gnoll but do no damage.
The gnoll hits you from afar with a spear.
You scratch the gnoll.
The gnoll is lightly wounded.
The gnoll hits you with a spear.
The gnoll hits you from afar with a spear.
You scratch the gnoll.
The gnoll is moderately wounded.
The gnoll hits you with a spear!
* * * LOW HITPOINT WARNING * * *
The gnoll hits you from afar with a spear.
* * * LOW HITPOINT WARNING * * *
You scratch the gnoll.
The gnoll is heavily wounded.
Okay, then.
Okay, then.
The gnoll is heavily wounded.
The ball python hisses angrily.
The gnoll hits you from afar with a spear.
You die...

.......#
........#### ..
........#.. ...
..........##...
.[.............
.............#
......#.....##.
#########†.......S
#§≈≈≈≈≈≈##@####.##
§≈..§≈§##g####.##
#§.§#.g)......
#..'.....####
#?.≈##..###
≈≈...≈≈##..#
#≈≈≈≈≈≈≈#...##
#########.#..#
##.....<.#..#


You could see 2 gnolls and a ball python.

Vanquished Creatures
  A big kobold (D:3)
  3 adders (D:2)
  A gnoll (D:3)
  2 worms
  2 dart slugs (D:2)
  3 leopard geckos
  9 bats
  2 giant cockroaches
  9 goblins
  8 hobgoblins
  9 kobolds
  3 quokkas
  A ball python (D:2)
  3 frilled lizards
  9 rats
65 creatures vanquished.

Notes
Turn   | Place    | Note
-------+----------+-------------------------------------------
     0 | D:1      | Infinimo the Ghoul Monk began the quest for the Orb.
     0 | D:1      | Reached XP level 1. HP: 19/19 MP: 0/0
    40 | D:1      | Reached XP level 2. HP: 26/26 MP: 1/1
    95 | D:1      | Reached skill level 4 in Unarmed Combat
   938 | D:1      | Reached XP level 3. HP: 30/30 MP: 2/2
  1350 | D:2      | Reached skill level 5 in Unarmed Combat
  1478 | D:2      | Reached XP level 4. HP: 35/36 MP: 3/3
  1685 | D:2      | Found an ancient bone altar of Kikubaaqudgha.
  2149 | D:3      | Noticed a big kobold
  2168 | D:3      | Killed a big kobold
  2168 | D:3      | Reached skill level 6 in Unarmed Combat
  2168 | D:3      | Reached XP level 5. HP: 23/45 MP: 4/4
  2318 | D:3      | Slain by a gnoll

Vault maps used:
D:1:      evilmike_arrival_run_for_it
D:2:      lemuel_round_altar, eino_curves_01, kennysheep_generic_room_9
D:3:      grunt_temple_overflow_gold_and_silver, lemuel_round_altar,
          old_standard_altar, first_bread, columned_hall_lemuel,
          hangedman_glass_teeth, kennysheep_generic_room_8

Skill      XL: |  1  2  3  4 |
---------------+-------------+-----
Unarmed Combat | 4 5 6 |  6.7
Fighting       | |  3.2
Dodging        | |  2.6
Stealth        | |  2.1

Action                   |  1- 3 |  4- 6 || total
-------------------------+-------+-------++-------
Melee: Unarmed           |    94 |    81 ||   175
       Punch             |     1 |       ||     1
  Use: Potion            |       |     2 ||     2
 Stab: Sleeping          |     2 |     1 ||     3
  Eat: Chunk             |     4 |     7 ||    11
Armor: Robe              |    13 |    11 ||    24
Dodge: Dodged            |    47 |    55 ||   102
